 Dungeon Crawl Stone Soup version 0.32-a0-43-g058985b245 (webtiles) character file.

Game seed: 7892419212870719868

2025 Atlas the Firebug (level 9, -1/51 (57) HPs)
             Began as a Demonspawn Fire Elementalist on Feb 4, 2024.
             Was a Follower of Vehumet.
             Slain by a yak (9 damage)
             ... on level 9 of the Dungeon.
             The game lasted 00:09:38 (7098 turns).

Atlas the Firebug (Demonspawn Fire Elementalist)    Turns: 7098, Time: 00:09:39

HP:   -1/51 (57)    AC:  7    Str: 10    XL:     9   Next: 3%
MP:   19/19         EV: 12    Int: 22    God:    Vehumet [*.....]
Gold: 295           SH:  0    Dex: 23    Spells: 15/22 levels left

rFire   . . .        s - +1 flail of Etsehyu {drain, Int+3 Dex+4}
rCold   . . .        (no shield)
rNeg    . . .        i - +0 leather armour
rPois   .            (helmet restricted)
rElec   .            (no cloak)
rCorr   .            (no gloves)
SInv    .            (no boots)
Will    .....        o - amulet of magic regeneration
Stlth   ++           l - +6 ring of dexterity
HPRegen 0.28/turn    w - +4 ring of protection
MPRegen 0.56/turn

%: no passive effects
@: lethally poisoned (-1 -> -12), heavily drained
A: antennae 2, demonic guardian 2, powered by death 1, weakness stinger 1,
demonic touch 1
a: Renounce Religion


You were on level 9 of the Dungeon.
You worshipped Vehumet.
Vehumet was aware of your devotion.
You visited 2 branches of the dungeon, and saw 10 of its levels.

You collected 295 gold pieces.

Inventory:

Hand Weapons
 s - the +1 flail of Etsehyu (weapon) {drain, Int+3 Dex+4}
   (You found it on level 4 of the Dungeon)

   Int+3:     It affects your intelligence (+3).
   Dex+4:     It affects your dexterity (+4).
Armour
 i - a +0 leather armour (worn)
Jewellery
 l - a +6 ring of dexterity (left hand)
 o - an amulet of magic regeneration (around neck)
 w - a +4 ring of protection (right hand)
Wands
 k - a wand of flame (16)
 u - a wand of charming (4)
 v - a wand of digging (1)
 y - a wand of iceblast (5)
Scrolls
 a - a scroll of poison {unknown}
 c - 2 scrolls of fear {unknown}
 d - 7 scrolls of identify {unknown}
 f - 4 scrolls of teleportation {unknown}
 g - 2 scrolls of enchant weapon {unknown}
 h - 4 scrolls of noise {unknown}
 m - 3 scrolls of summoning {unknown}
 p - a scroll of brand weapon {unknown}
 t - a scroll of blinking {unknown}
 x - a scroll of vulnerability {unknown}
Potions
 b - 3 potions of heal wounds {unknown}
 e - a potion of ambrosia {unknown}
 j - a potion of lignification
 n - a potion of haste {unknown}
 q - 2 potions of curing {unknown}
 r - a potion of degeneration {unknown}
 z - a potion of cancellation {unknown}


   Skills:
 + Level 0.1 Fighting
 + Level 1.4 Armour
 + Level 2.1 Dodging
 + Level 2.4 Stealth
 + Level 0.8 Unarmed Combat
 + Level 7.0 Spellcasting
 + Level 4.8 Conjurations
 + Level 7.1 Fire Magic


You had 15 spell levels left.
You knew the following spells:

 Your Spells              Type           Power      Damage    Failure   Level
a - Scorch                Fire           78%        2d8       1%          2
b - Foxfire               Conj/Fire      100%       2x1d9     1%          1
c - Flame Wave            Conj/Fire      34%        2d10      9%          4

Your spell library contained the following spells:

 Spells                   Type           Power      Damage    Failure   Level
 Freeze                   Ice            28%        1d5       11%         1
 Inner Flame              Hex/Fire       23%        N/A       8%          3
 Volatile Blastmotes      Fire/Tloc      46%        2d13      8%          3
 Vhi's Electric Charge    Tloc/Air       14%        N/A       71%         4
 Arcjolt                  Conj/Air       9%         1d19      73%         5
 Maxwell's Capacitive Co  Air            3%         ∞         100%        8


Dungeon Overview and Level Annotations

Branches:
Dungeon (9/15)             Temple (1/1) D:4            Lair (0/5) D:9
    Orc: D:9-12

Altars:
Ashenzari
Cheibriados
Dithmenos
Fedhas
Gozag
Hepliaklqana
Makhleb
Nemelex Xobeh
Okawaru
Qazlal
Sif Muna
Trog
Uskayaw
Vehumet
Wu Jian
Xom

Shops:
D:1 (?


Innate Abilities, Weirdness & Mutations

You have a pair of antennae on your head.
A demonic guardian rushes to your aid.
You regenerate a little health from kills.
You have a small tail.
Your touch may inflict minor irresistible damage on your foes.


Message History

You hit the water moccasin. You drain the water moccasin.
The water moccasin is moderately wounded.
You hear a shout!
You hear a bellow!
A nearby plant withers and dies.
The water moccasin misses you.
The water moccasin bites you but does no damage.
A basilisk comes into view.
A water moccasin comes into view.
A troll comes into view.
Found a staircase to the Lair.
A nearby plant withers and dies.
The water moccasin bites you.
You are poisoned.
The water moccasin poisons you!
The water moccasin bites the plant!
The plant begins to die.
The yak snorts and paws the ground.
The water moccasin closely misses you.
You feel sick. The wyvern bites you. The wyvern bites you!
A demonic guardian appears!
You feel sick.
The basilisk hisses angrily.
You hear a bellow!
The water moccasin bites you.
The wyvern bites you but does no damage.
A yak comes into view.
The yak gores the plant.
The plant begins to die.
Your orange demon stings the yak from afar!
You hear an angry hiss.
You feel sick.
The water moccasin bites you but does no damage.
The water moccasin bites you.
You are more poisoned.
The water moccasin poisons you! The wyvern bites you!
The yak gores the plant!
The water moccasin barely misses you. The wyvern bites you!
* * * LOW HITPOINT WARNING * * *
Your orange demon stings the yak from afar.
The yak looks as sick as possible!
Your orange demon poisons the yak!
* * * LOW HITPOINT WARNING * * *
You feel very sick.
A nearby plant withers and dies.
The water moccasin bites you but does no damage.
The water moccasin barely misses you. The wyvern closely misses you.
The yak gores you!
You die...

........>.P..P
...P........PP.
........P..Y...
.....P♣.......P
.....T.......
#.♣.Y?l..P .
#SSYP4♣...#
#.S@k..P#
##.###..# #.# #
#.# ###.####.##
#..........
#..####....
##.........
##.........


You could see 3 yaks, a troll, a basilisk, 3 water moccasins, a wyvern and a
friendly orange demon (summoned).

Vanquished Creatures
  Sigmund (D:2)
  Eustachio (D:4)
  A sky beast (D:7)
  A black bear (D:7)
  An ogre (D:5)
  A centaur (D:6)
  3 phantoms
  A gnoll sergeant (D:7)
  3 scorpions (D:6)
  4 wights (D:7)
  A bombardier beetle (D:4)
  2 howler monkeys
  A hound (D:4)
  2 jellies
  An iguana (D:7)
  Natasha (twice) (D:2)
  2 orc wizards (D:4)
  16 gnolls
  5 adders
  A shadow imp (D:6)
  A white imp (D:6)
  3 dart slugs
  12 orcs
  6 endoplasms
  7 giant cockroaches
  5 goblins
  5 hobgoblins
  2 quokkas
  4 ball pythons
  8 bats
  5 frilled lizards
  7 kobolds
  5 rats
120 creatures vanquished.

Vanquished Creatures (collateral kills)
  A wight (D:7)
  A jelly (D:5)
  A gnoll (D:2)
  4 foxfires
7 creatures vanquished.

Vanquished Creatures (others)
  543 foxfires
543 creatures vanquished.

Grand Total: 670 creatures vanquished

Notes
Turn   | Place    | Note
-------+----------+-------------------------------------------
     0 | D:1      | Atlas the Demonspawn Fire Elementalist began the quest for
                  | the Orb.
     0 | D:1      | Reached XP level 1. HP: 13/13 MP: 3/3
    41 | D:1      | Found Tyez's Magic Scroll Emporium.
   357 | D:1      | Found Fim Afo's Antique Weapon Shop.
   419 | D:1      | Gained mutation: You regenerate a little health from kills.
                  | [demonic ancestry]
   419 | D:1      | Reached XP level 2. HP: 19/19 MP: 1/5
  1292 | D:1      | Gained mutation: A weak demonic guardian rushes to your
                  | aid. [demonic ancestry]
  1292 | D:1      | Reached XP level 3. HP: 24/24 MP: 3/6
  1295 | D:1      | Learned a level 2 spell: Scorch
  1844 | D:2      | Noticed Sigmund
  1872 | D:2      | Killed Sigmund
  1873 | D:2      | Discovered your monstrous ancestry.
  1873 | D:2      | Gained mutation: You have a pair of small antennae on your
                  | head. [demonic ancestry]
  1873 | D:2      | Reached XP level 4. HP: 29/30 MP: 2/9
  1873 | D:2      | Gained mutation: A demonic guardian rushes to your aid.
                  | [demonic ancestry]
  1873 | D:2      | Reached XP level 5. HP: 33/35 MP: 2/10
  2423 | D:2      | Noticed Natasha
  2426 | D:2      | Killed Natasha
  2610 | D:2      | Noticed Natasha
  2780 | D:2      | Gained mutation: Your touch may inflict minor irresistible
                  | damage on your foes. [demonic ancestry]
  2780 | D:2      | Reached XP level 6. HP: 29/41 MP: 1/11
  2996 | D:2      | Killed Natasha
  3558 | D:3      | Found a faded altar of an unknown god.
  3595 | D:3      | You fall into a shaft and drop 2 floors!
  3595 | D:5      | Entered Level 5 of the Dungeon
  3702 | D:5      | Found a burning altar of Makhleb.
  4813 | D:3      | Reached XP level 7. HP: 46/46 MP: 9/13
  5092 | D:4      | Found a staircase to the Ecumenical Temple.
  5129 | Temple   | Entered the Ecumenical Temple
  5144 | Temple   | Became a worshipper of Vehumet
  5222 | D:4      | Reached skill level 5 in Fire Magic
  5228 | D:4      | Reached skill level 1 in Armour
  5254 | D:4      | Identified the +1 flail of Etsehyu {drain, Int+3 Dex+4}
  5667 | D:4      | Noticed Eustachio
  5674 | D:4      | Killed Eustachio
  5675 | D:4      | Reached skill level 5 in Spellcasting
  5787 | D:6      | Gained mutation: You have a pair of antennae on your head.
                  | [demonic ancestry]
  5787 | D:6      | Reached XP level 8. HP: 48/52 MP: 4/16
  6564 | D:6      | Reached * piety under Vehumet
  6564 | D:6      | Offered knowledge of Freeze by Vehumet.
  6848 | D:7      | Learned a level 4 spell: Flame Wave
  6939 | D:7      | Gained mutation: You have a small tail. [demonic ancestry]
  6939 | D:7      | Reached XP level 9. HP: 57/57 MP: 15/19
  7094 | D:9      | Found a staircase to the Lair.
  7094 | D:9      | Noticed a troll
  7098 | D:9      | Slain by a yak

Illustrated notes

Levels and vault maps discovered:
D:1:      eino_arrival_water_star, layout_basic, serial_shops, shop, shop_statue
D:2:      layout_rooms, serial_rivers, chequers_serial_rivers_small_3,
          chequers_serial_rivers_micro_d, chequers_serial_rivers_micro_b,
          chequers_serial_rivers_large_b, chequers_serial_rivers_room_b,
          chequers_serial_rivers_micro_e, minmay_hedge_maze,
          minmay_misc_feat_alley, uniq_natasha, uniq_sigmund
D:3:      layout_basic, dreamdust_ecumenical_altar_grove,
          amcnicky_mini_corridor_feature, chequers_serial_rivers_micro_a
D:4:      layout_layer_cave, temple_doors_e, uniq_eustachio
D:5:      layout_basic, mainiacjoe_overflow_concentric_impassable
D:6:      minmay_angry_zag, layout_loops_ring, serial_glass, glass_columns_b,
          glass_columns_a, kb_lookout_dungeons_type
D:7:      layout_rooms, serial_curves, eino_curves_04, eino_curves_02,
          eino_curves_04, eino_curves_01
D:8:      layout_basic, mainiacjoe_overflow_alcove_2, grunt_decor_fettered,
          uniq_pikel, uniq_jeremiah, uniq_maggie, uniq_erica, uniq_joseph
D:9:      layout_rooms, minmay_lair_entry_grove, uniq_harold
Temple:   regret_index_temple_chain_breaker

Skill      XL: |  1  2  3  4  5  6  7  8  9 |
---------------+----------------------------+-----
Fire Magic     | 3 4 5 7 |  7.1
Dodging        | 2 |  2.1
Stealth        | 2 |  2.4
Spellcasting   | 3 4 5 6 7 |  7.0
Conjurations   | 2 3 4 |  4.8
Armour         | 1 |  1.4
Fighting       | |  0.1
Unarmed Combat | |  0.8

Action                     |  1- 3 |  4- 6 |  7- 9 || total
---------------------------+-------+-------+-------++-------
  Melee: Unarmed           |     5 |     9 |       ||    14
         Touch             |       |     1 |       ||     1
         Flail             |       |       |     1 ||     1
   Cast: Foxfire           |    97 |    99 |   125 ||   321
         Scorch            |     2 |    14 |    50 ||    66
    Use: Potion            |     3 |       |       ||     3
 Armour: Robe              |     9 |     4 |       ||    13
         Skin              |     4 |       |       ||     4
         Leather armour    |       |    10 |    41 ||    51
  Dodge: Dodged            |    22 |    12 |    26 ||    60

Table legend: (Time is in decaauts)
 A = Elapsed time spent in this place.
 B = Non-inter-level travel time spent in this place.
 C = Inter-level travel time spent in this place.
 D = Time resting spent in this place.
 E = Time spent auto-exploring this place.
 F = Levels seen in this place.
 G = Mean time per level.
                   A        B        C        D        E       F      G
               +--------+--------+--------+--------+--------+-----+--------+
         Total |   7141 |   6804 |    337 |    567 |   5261 |  10 |  714.1 |
       Dungeon |   7111 |   6803 |    308 |    567 |   5261 |   9 |  790.1 |
        Temple |     30 |      1 |     29 |      0 |      0 |   1 |   30.0 |
               +--------+--------+--------+--------+--------+-----+--------+

Top non-repeatable levels by time:
     D:1: 1771 daAuts
     D:2: 1411 daAuts
     D:5: 963 daAuts
     D:6: 907 daAuts
     D:4: 865 daAuts
     D:3: 758 daAuts
     D:7: 380 daAuts
     D:8: 39 daAuts
  Temple: 30 daAuts
     D:9: 14 daAuts
